| TOP OF THE 1ST |
|
Helena Brewers batting - Pitching for Bristol Pirates : LHP Adam Clarke
|
|
Pitching: LHP Adam Clarke
|
|
|
Batting: LHB John Fortin
|
0-0: Ball 1-0: Ball 2-0: Foul Ball, location: 2F 2-1: Ball 3-1: TRIPLE (Flyball, 78XD, EV 92.5 MPH)
|
|
Batting: RHB Dan Allred
|
0-0: Ball 1-0: Ball 2-0: Ball 3-0: Base on Balls
|
|
Batting: RHB Jose Cerritos
|
0-0: Ball 1-0: Called Strike 1-1: Called Strike 1-2: Ball 2-2: Fly out, F3 (Popup, 3S, EV 80.6 MPH)
|
|
Batting: LHB Karel Hort
|
0-0: Ball 1-0: Ball 2-0: Ball 3-0: Base on Balls Dan Allred to second
|
|
Pitching: RHP Onne Stubbe
|
|
|
Batting: SHB Justin Hensley
|
0-0: Ball 1-0: Ball Wild Pitch! John Fortin scores Dan Allred to third Karel Hort to second 2-0: Ball Wild Pitch! Dan Allred scores Karel Hort to third 3-0: Base on Balls
|
|
Batting: RHB Michael Dickerson
|
0-0: Ball 1-0: SINGLE (Groundball, 34, EV 96.9 MPH) Karel Hort scores Justin Hensley to second Runner from 2nd tries for 3rd, SAFE, throw by RF made to third
|
|
Batting: LHB Mark Backstrom
|
0-0: Swinging Strike 0-1: Foul Ball, location: 2F 0-2: Foul Ball, location: 2F 0-2: Ball 1-2: Ball 2-2: Ball 3-2: Base on Balls Michael Dickerson to second
|
|
Batting: RHB Manny Olave
|
0-0: Swinging Strike 0-1: GRAND SLAM HOME RUN (Flyball, 8RXD, EV 111.9 MPH), Distance : 434 ft
|
|
Batting: RHB Justin Marino
|
0-0: SINGLE (Groundball, 34D, EV 98.8 MPH)
|
|
Batting: LHB John Fortin
|
0-0: Called Strike 0-1: Ball 1-1: Hit by Pitch Justin Marino to second
|
|
Batting: RHB Dan Allred
|
0-0: Called Strike 0-1: Foul Ball, location: 2F 0-2: Foul Ball, location: 2F 0-2: Foul Ball, location: 2F 0-2: Strikes out swinging
|
|
Batting: RHB Jose Cerritos
|
0-0: Ball 1-0: SINGLE (Groundball, 34S, EV 74.4 MPH) (infield hit) Justin Marino to third John Fortin to second
|
|
Batting: LHB Karel Hort
|
0-0: SINGLE (Groundball, 34, EV 100.0 MPH) (infield hit) Justin Marino scores John Fortin to third Jose Cerritos to second
|
|
Batting: SHB Justin Hensley
|
0-0: Ball 1-0: Ball 2-0: Ball Passed Ball! John Fortin scores Jose Cerritos to third Karel Hort to second 3-0: Base on Balls
|
|
Batting: RHB Michael Dickerson
|
0-0: Ball 1-0: Ball 2-0: Ball 3-0: Called Strike 3-1: Base on Balls Jose Cerritos scores Karel Hort to third Justin Hensley to second
|
|
Pitching: RHP Erik Mulligan
|
|
|
Batting: LHB Mark Backstrom
|
0-0: Called Strike 0-1: Ball 1-1: Swinging Strike 1-2: Reached on error, E5 (Groundball, 5, EV 86.9 MPH) Karel Hort scores Justin Hensley to third Michael Dickerson to second
|
|
Batting: RHB Manny Olave
|
0-0: Foul Ball, location: 2F 0-1: Swinging Strike 0-2: GRAND SLAM HOME RUN (Flyball, 7D, EV 104.4 MPH), Distance : 374 ft
|
|
Batting: RHB Justin Marino
|
0-0: Ball 1-0: Ball 2-0: Ball 3-0: Called Strike 3-1: Base on Balls
|
|
Batting: LHB John Fortin
|
0-0: Ball 1-0: Ball 2-0: Ball 3-0: Called Strike 3-1: Base on Balls Justin Marino to second
|
|
Batting: RHB Dan Allred
|
0-0: Ball Wild Pitch! Justin Marino to third John Fortin to second 1-0: Ground out 6-3 (Groundball, 6, EV 82.5 MPH)
|
| Top of the 1st over - 15 runs, 7 hits, 1 error, 2 left on base; Helena 15 - Bristol 0 |
| BOTTOM OF THE 1ST |
|
Bristol Pirates batting - Pitching for Helena Brewers : LHP Paul Schumacher
|
|
Pitching: LHP Paul Schumacher
|
|
|
Batting: SHB Don Hauk
|
0-0: Ball 1-0: Called Strike 1-1: Ball 2-1: Foul Ball, location: 2F 2-2: Ball 3-2: SINGLE (Groundball, 4S, EV 60.6 MPH) (infield hit)
|
|
Batting: RHB Pete Hutton
|
0-0: Swinging Strike 0-1: Foul Ball, location: 2F 0-2: Strikes out swinging
|
|
Batting: RHB Randy Bergman
|
0-0: Swinging Strike 0-1: Foul Ball, location: 2F 0-2: Foul Ball, location: 2F 0-2: Strikes out looking
|
|
Batting: LHB Randy Boone
|
0-0: Ball 1-0: Ball 2-0: Ball 3-0: Called Strike 3-1: Base on Balls Don Hauk to second
|
|
Batting: RHB Steve Terres
|
0-0: Swinging Strike 0-1: Swinging Strike 0-2: Ball 1-2: Ball 2-2: Ground out 1-3 (Groundball, 13, EV 70.6 MPH)
|
| Bottom of the 1st over - 0 runs, 1 hit, 0 errors, 2 left on base; Helena 15 - Bristol 0 |
| TOP OF THE 2ND |
|
Helena Brewers batting - Pitching for Bristol Pirates : RHP Erik Mulligan
|
|
Pitching: RHP Jerry Spitler
|
|
|
Batting: RHB Jose Cerritos
|
0-0: Ball 1-0: Ball 2-0: Foul Ball, location: 2F 2-1: Swinging Strike 2-2: Ball 3-2: Strikes out swinging
|
|
Batting: LHB Karel Hort
|
0-0: Called Strike 0-1: SOLO HOME RUN (Flyball, 9D, EV 93.8 MPH), Distance : 343 ft
|
|
Batting: SHB Justin Hensley
|
0-0: Ball 1-0: Ball 2-0: Ball 3-0: Base on Balls
|
|
Batting: RHB Michael Dickerson
|
0-0: Ball 1-0: Grounds into double play, 4-6-3 (Groundball, 4, EV 80.0 MPH)
|
| Top of the 2nd over - 1 run, 1 hit, 0 errors, 0 left on base; Helena 16 - Bristol 0 |
| BOTTOM OF THE 2ND |
|
Bristol Pirates batting - Pitching for Helena Brewers : LHP Paul Schumacher
|
|
Batting: RHB Frank Elizondo
|
0-0: Called Strike 0-1: Called Strike 0-2: Strikes out swinging
|
|
Batting: RHB Andrew DeRicco
|
0-0: Called Strike 0-1: Ball 1-1: Ball 2-1: Ball 3-1: Base on Balls
|
|
Batting: RHB Alain Marquet
|
0-0: Foul Ball, location: 2F 0-1: Ball 1-1: Called Strike 1-2: Foul Ball, location: 2F 1-2: Ball 2-2: Fly out, F8 (Flyball, 8LD, EV 81.2 MPH)
|
|
Batting: RHB Rob Colley
|
0-0: Called Strike Andrew DeRicco is caught stealing 2nd base 2-4
|
| Bottom of the 2nd over - 0 runs, 0 hits, 0 errors, 0 left on base; Helena 16 - Bristol 0 |
| TOP OF THE 3RD |
|
Helena Brewers batting - Pitching for Bristol Pirates : RHP Jerry Spitler
|
|
Batting: LHB Mark Backstrom
|
0-0: Called Strike 0-1: Foul Ball, location: 2F 0-2: Ball 1-2: Strikes out swinging
|
|
Pitching: RHP Otok Barleyfoot
|
|
|
Batting: RHB Manny Olave
|
0-0: Ball 1-0: Ball 2-0: Ground out 4-3 (Groundball, 4, EV 81.9 MPH)
|
|
Batting: RHB Justin Marino
|
0-0: Ball 1-0: Ball 2-0: Called Strike 2-1: Ball 3-1: Foul Ball, location: 2F 3-2: Fly out, F5 (Line Drive, 56, EV 65.0 MPH)
|
| Top of the 3rd over - 0 runs, 0 hits, 0 errors, 0 left on base; Helena 16 - Bristol 0 |
| BOTTOM OF THE 3RD |
|
Bristol Pirates batting - Pitching for Helena Brewers : LHP Paul Schumacher
|
|
Batting: RHB Rob Colley
|
0-0: Called Strike 0-1: Ball 1-1: Foul Ball, location: 2F 1-2: Strikes out looking
|
|
Batting: SHB Don Hauk
|
0-0: Ball 1-0: Foul Ball, location: 2F 1-1: Swinging Strike 1-2: Ball 2-2: Ball 3-2: Ground out 5-3 (Groundball, 56S, EV 86.9 MPH)
|
|
Batting: RHB Pete Hutton
|
0-0: Ball 1-0: Ground out 6-3 (Groundball, 6, EV 103.1 MPH)
|
| Bottom of the 3rd over - 0 runs, 0 hits, 0 errors, 0 left on base; Helena 16 - Bristol 0 |
| TOP OF THE 4TH |
|
Helena Brewers batting - Pitching for Bristol Pirates : RHP Otok Barleyfoot
|
|
Batting: LHB John Fortin
|
0-0: Called Strike 0-1: Ball 1-1: DOUBLE (Line Drive, 78D, EV 101.9 MPH)
|
|
Batting: RHB Dan Allred
|
0-0: Ball 1-0: Swinging Strike 1-1: Swinging Strike 1-2: Strikes out swinging
|
|
Batting: RHB Jose Cerritos
|
0-0: Ball 1-0: Called Strike 1-1: Ball 2-1: Called Strike 2-2: SINGLE (Groundball, 6M, EV 80.0 MPH) (infield hit) John Fortin to third
|
|
Pitching: LHP Alfredo Carranza
|
|
|
Batting: LHB Karel Hort
|
0-0: Ball 1-0: Ball 2-0: Ball 3-0: Called Strike 3-1: Base on Balls Jose Cerritos to second
|
|
Batting: SHB Justin Hensley
|
0-0: Ball Wild Pitch! John Fortin scores Jose Cerritos to third Karel Hort to second 1-0: Swinging Strike 1-1: Ball 2-1: Swinging Strike 2-2: Strikes out looking
|
|
Batting: RHB Michael Dickerson
|
0-0: Ball 1-0: Ball 2-0: Called Strike 2-1: Ball 3-1: Foul Ball, location: 2F 3-2: Strikes out swinging
|
| Top of the 4th over - 1 run, 2 hits, 0 errors, 2 left on base; Helena 17 - Bristol 0 |
| BOTTOM OF THE 4TH |
|
Bristol Pirates batting - Pitching for Helena Brewers : LHP Paul Schumacher
|
|
Batting: RHB Randy Bergman
|
0-0: Called Strike 0-1: Swinging Strike 0-2: Strikes out looking
|
|
Batting: LHB Randy Boone
|
0-0: Ball 1-0: Ball 2-0: Ball 3-0: Called Strike 3-1: Called Strike 3-2: Foul Ball, location: 2F 3-2: Strikes out looking
|
|
Batting: RHB Steve Terres
|
0-0: Ball 1-0: Ball 2-0: Swinging Strike 2-1: Called Strike 2-2: Strikes out swinging, 2-3 out at first.
|
| Bottom of the 4th over - 0 runs, 0 hits, 0 errors, 0 left on base; Helena 17 - Bristol 0 |
| TOP OF THE 5TH |
|
Helena Brewers batting - Pitching for Bristol Pirates : LHP Alfredo Carranza
|
|
Batting: LHB Mark Backstrom
|
0-0: Ball 1-0: Called Strike 1-1: Ground out 4-3 (Groundball, 4, EV 93.1 MPH)
|
|
Pitching: RHP Randy Nelligan
|
|
|
Batting: RHB Manny Olave
|
0-0: Called Strike 0-1: Ball 1-1: Called Strike 1-2: Foul Ball, location: 2F 1-2: DOUBLE (Line Drive, 7LM, EV 112.5 MPH)
|
|
Batting: RHB Justin Marino
|
0-0: Ball Wild Pitch! Manny Olave to third 1-0: Ball 2-0: Ball 3-0: Called Strike 3-1: Foul Ball, location: 2F 3-2: Base on Balls
|
|
Batting: LHB John Fortin
|
0-0: Called Strike 0-1: Ball 1-1: Ball 2-1: Fly out, F9 (Flyball, 9, EV 76.9 MPH)
|
|
Batting: RHB Dan Allred
|
0-0: Ball 1-0: Ball 2-0: Ball Passed Ball! Manny Olave scores Justin Marino to second 3-0: Called Strike 3-1: Base on Balls
|
|
Batting: RHB Jose Cerritos
|
0-0: Foul Ball, location: 2F 0-1: SINGLE (Line Drive, 34D, EV 95.0 MPH) Justin Marino to third Dan Allred to second
|
|
Batting: LHB Karel Hort
|
0-0: Foul Ball, location: 2F 0-1: Ball 1-1: Called Strike 1-2: Ball 2-2: Ball 3-2: Foul Ball, location: 2F 3-2: Base on Balls Justin Marino scores Dan Allred to third Jose Cerritos to second
|
|
Batting: SHB Justin Hensley
|
0-0: Ball 1-0: Called Strike 1-1: Foul Ball, location: 2F 1-2: Strikes out swinging
|
| Top of the 5th over - 2 runs, 2 hits, 0 errors, 3 left on base; Helena 19 - Bristol 0 |
| BOTTOM OF THE 5TH |
|
Bristol Pirates batting - Pitching for Helena Brewers : LHP Paul Schumacher
|
|
Batting: RHB Frank Elizondo
|
0-0: Swinging Strike 0-1: Fly out, F8 (Line Drive, 8RS, EV 95.0 MPH)
|
|
Batting: RHB Andrew DeRicco
|
0-0: Called Strike 0-1: Foul Ball, location: 2F 0-2: Foul Ball, location: 2F 0-2: Ball 1-2: Strikes out looking
|
|
Batting: RHB Alain Marquet
|
0-0: Foul Ball, location: 2F 0-1: Swinging Strike 0-2: Ball 1-2: Foul Ball, location: 2F 1-2: Strikes out swinging
|
| Bottom of the 5th over - 0 runs, 0 hits, 0 errors, 0 left on base; Helena 19 - Bristol 0 |
| TOP OF THE 6TH |
|
Helena Brewers batting - Pitching for Bristol Pirates : RHP Randy Nelligan
|
|
Batting: RHB Michael Dickerson
|
0-0: Swinging Strike 0-1: Called Strike 0-2: Ball 1-2: Ball 2-2: Foul Ball, location: 2F 2-2: Foul Ball, location: 2F 2-2: Ball 3-2: Base on Balls
|
|
Batting: LHB Mark Backstrom
|
0-0: Ball 1-0: Foul Ball, location: 2F 1-1: Ball 2-1: Ball 3-1: Base on Balls Michael Dickerson to second
|
|
Batting: RHB Manny Olave
|
0-0: Called Strike 0-1: Swinging Strike 0-2: Foul Ball, location: 2F 0-2: Strikes out swinging
|
|
Batting: RHB Justin Marino
|
0-0: Called Strike 0-1: Ground out 4-3 (Groundball, 34, EV 96.9 MPH) Michael Dickerson to third Mark Backstrom to second
|
|
Batting: LHB John Fortin
|
0-0: Ball 1-0: Ball Wild Pitch! Michael Dickerson scores Mark Backstrom to third 2-0: Ball 3-0: Base on Balls
|
|
Batting: RHB Dan Allred
|
0-0: Ground out 4-3 (Groundball, 4D, EV 100.0 MPH)
|
| Top of the 6th over - 1 run, 0 hits, 0 errors, 2 left on base; Helena 20 - Bristol 0 |
| BOTTOM OF THE 6TH |
|
Bristol Pirates batting - Pitching for Helena Brewers : LHP Paul Schumacher
|
|
Batting: RHB Rob Colley
|
0-0: Foul Ball, location: 2F 0-1: SINGLE (Line Drive, 8LS, EV 106.2 MPH)
|
|
Batting: SHB Don Hauk
|
0-0: Called Strike 0-1: Swinging Strike 0-2: Ball 1-2: Foul Ball, location: 2F 1-2: Strikes out swinging
|
|
Batting: RHB Pete Hutton
|
0-0: Called Strike 0-1: Swinging Strike 0-2: Strikes out swinging
|
|
Batting: RHB Randy Bergman
|
0-0: Ball 1-0: Ball 2-0: Fielders Choice at 2nd, 6-4 (Groundball, 6, EV 81.9 MPH)
|
| Bottom of the 6th over - 0 runs, 1 hit, 0 errors, 1 left on base; Helena 20 - Bristol 0 |
| TOP OF THE 7TH |
|
Helena Brewers batting - Pitching for Bristol Pirates : RHP Randy Nelligan
|
|
Batting: RHB Jose Cerritos
|
0-0: Ball 1-0: Ground out 4-3 (Groundball, 34, EV 102.5 MPH)
|
|
Batting: LHB Karel Hort
|
0-0: Called Strike 0-1: Ball 1-1: Called Strike 1-2: Foul Ball, location: 2F 1-2: Ball 2-2: Foul Ball, location: 2F 2-2: Ball 3-2: Base on Balls
|
|
Batting: SHB Justin Hensley
|
0-0: Ball 1-0: Foul Ball, location: 2F 1-1: Ball 2-1: Swinging Strike 2-2: Strikes out looking
|
|
Batting: RHB Michael Dickerson
|
0-0: Called Strike 0-1: Ball 1-1: Called Strike 1-2: Foul Ball, location: 2F 1-2: Ball 2-2: Ball 3-2: Strikes out swinging
|
| Top of the 7th over - 0 runs, 0 hits, 0 errors, 1 left on base; Helena 20 - Bristol 0 |
| BOTTOM OF THE 7TH |
|
Bristol Pirates batting - Pitching for Helena Brewers : LHP Paul Schumacher
|
|
Batting: LHB Randy Boone
|
0-0: Ball 1-0: Called Strike 1-1: Ground out 6-3 (Groundball, 6, EV 93.1 MPH)
|
|
Batting: RHB Steve Terres
|
0-0: Called Strike 0-1: Foul Ball, location: 2F 0-2: Ball 1-2: Foul Ball, location: 2F 1-2: Strikes out swinging
|
|
Pitching: RHP Allen Gans
|
|
|
Batting: RHB Frank Elizondo
|
0-0: Ball 1-0: Called Strike 1-1: Swinging Strike 1-2: Strikes out swinging
|
| Bottom of the 7th over - 0 runs, 0 hits, 0 errors, 0 left on base; Helena 20 - Bristol 0 |
| TOP OF THE 8TH |
|
Helena Brewers batting - Pitching for Bristol Pirates : RHP Randy Nelligan
|
|
Batting: LHB Mark Backstrom
|
0-0: Ball 1-0: Foul Ball, location: 2F 1-1: Foul Ball, location: 2F 1-2: SINGLE (Groundball, 34D, EV 94.4 MPH)
|
|
Batting: RHB Manny Olave
|
0-0: Called Strike 0-1: Ball 1-1: Foul Ball, location: 2F 1-2: Strikes out swinging
|
|
Batting: RHB Justin Marino
|
0-0: Ball Wild Pitch! Mark Backstrom to second 1-0: Ball 2-0: Ball 3-0: Base on Balls
|
|
Batting: LHB John Fortin
|
0-0: Ball 1-0: Ball 2-0: Ball 3-0: Called Strike 3-1: Base on Balls Mark Backstrom to third Justin Marino to second
|
|
Batting: RHB Dan Allred
|
0-0: Grounds into double play, 6-4-3 (Groundball, 6, EV 83.1 MPH)
|
| Top of the 8th over - 0 runs, 1 hit, 0 errors, 2 left on base; Helena 20 - Bristol 0 |
| BOTTOM OF THE 8TH |
|
Bristol Pirates batting - Pitching for Helena Brewers : RHP Allen Gans
|
|
Batting: RHB Andrew DeRicco
|
0-0: Called Strike 0-1: Swinging Strike 0-2: Foul Ball, location: 2F 0-2: Ball 1-2: Fly out, F7 (Flyball, 78S, EV 79.4 MPH)
|
|
Batting: RHB Alain Marquet
|
0-0: Ball 1-0: Ball 2-0: Called Strike 2-1: Foul Ball, location: 2F 2-2: Foul Ball, location: 2F 2-2: Ball 3-2: Strikes out swinging
|
|
Batting: RHB Rob Colley
|
0-0: Ball 1-0: Ball 2-0: Called Strike 2-1: Fly out, F8 (Flyball, 8RS, EV 86.9 MPH)
|
| Bottom of the 8th over - 0 runs, 0 hits, 0 errors, 0 left on base; Helena 20 - Bristol 0 |
| TOP OF THE 9TH |
|
Helena Brewers batting - Pitching for Bristol Pirates : RHP Randy Nelligan
|
|
Batting: RHB Jose Cerritos
|
0-0: Called Strike 0-1: Swinging Strike 0-2: Strikes out looking
|
|
Batting: LHB Karel Hort
|
0-0: Foul Ball, location: 2F 0-1: Ball 1-1: Foul Ball, location: 2F 1-2: Ball 2-2: Ball 3-2: Base on Balls
|
|
Batting: SHB Justin Hensley
|
0-0: Fly out, F7 (Flyball, 7D, EV 103.8 MPH)
|
|
Batting: RHB Michael Dickerson
|
0-0: Called Strike 0-1: Ball 1-1: Ball 2-1: Swinging Strike 2-2: Strikes out swinging
|
| Top of the 9th over - 0 runs, 0 hits, 0 errors, 1 left on base; Helena 20 - Bristol 0 |
| BOTTOM OF THE 9TH |
|
Bristol Pirates batting - Pitching for Helena Brewers : RHP Allen Gans
|
|
Batting: SHB Don Hauk
|
0-0: Ball 1-0: Ball 2-0: Called Strike 2-1: Ball 3-1: Foul Ball, location: 2F 3-2: Base on Balls
|
|
Batting: RHB Pete Hutton
|
0-0: Called Strike 0-1: Ball 1-1: Fielders Choice at 2nd, 5-4 (Groundball, 56, EV 91.2 MPH)
|
|
Batting: RHB Randy Bergman
|
0-0: Foul Ball, location: 2F 0-1: Ball 1-1: Swinging Strike 1-2: Ball 2-2: Strikes out looking
|
|
Batting: LHB Randy Boone
|
0-0: Swinging Strike 0-1: Swinging Strike 0-2: Ball 1-2: Strikes out swinging
|
| Bottom of the 9th over - 0 runs, 0 hits, 0 errors, 1 left on base; Helena 20 - Bristol 0 |
|